 Dungeon Crawl Stone Soup version 0.21-a0-584-g185da8e (webtiles) character file.

118974 mortelune the Devastator (level 16, -12/97 HPs)
             Began as a Deep Elf Fire Elementalist on Dec 20, 2017.
             Was a High Priest of Vehumet.
             Mangled by a merfolk impaler
             ... wielding a +5 trident of protection
              (16 damage)
             ... on level 2 of the Shoals.
             The game lasted 03:50:44 (44378 turns).

mortelune the Devastator (DEFE)                    Turns: 44378, Time: 03:50:45

Health: -12/97     AC: 12    Str: 13    XL:     16   Next: 26%
Magic:  16/54      EV: 15    Int: 39    God:    Vehumet [*****.]
Gold:   542        SH:  6    Dex: 11    Spells: 6/43 levels left

rFire    + . .     SeeInvis .   F - +0 whip "Beastslayer" {venom, MP+9 Int+4}
rCold    + . .     Gourm    .   y - +2 buckler {rC+ rF+}
rNeg     + . .     Faith    .   w - +2 ring mail of a treasure trove {Int+7 Dex-4 Stlth+}
rPois    .         Spirit   .   I - +1 hat of Royalty {rElec}
rElec    +         Reflect  .   n - +0 cloak of Shadows and Fog {rN+ MR+ Str+2}
rCorr    .         Harm     .   i - +0 pair of gloves
MR       +++..                  l - +0 pair of boots
Stlth    +.........             (no amulet)
HPRegen  0.26/turn              X - +2 ring of intelligence
MPRegen  0.34/turn              b - ring of Checkmate {MR+ MP+9 Str+4}

@: very slightly contaminated, very slow
A: no striking features
a: Renounce Religion


You were on level 2 of the Shoals.
You worshipped Vehumet.
Vehumet was extremely pleased with you.
You were very hungry.

You visited 5 branches of the dungeon, and saw 26 of its levels.

You collected 2356 gold pieces.
You spent 1814 gold pieces at shops.

Inventory:

Hand Weapons
 z - a +0 demon blade
 F - the +0 whip "Beastslayer" (weapon) {venom, MP+9 Int+4}
   (You found it on level 5 of the Lair of Beasts)

   It poisons the flesh of those it strikes.
   It affects your intelligence (+4).
   It affects your magic capacity (+9).
 H - a +1 demon trident of venom
Armour
 h - the +5 chain mail "Uhoxa" {rF+ rC+}
   (You found it on level 3 of the Lair of Beasts)

   It protects you from fire.
   It protects you from cold.
 i - a +0 pair of gloves (worn)
 l - a +0 pair of boots (worn)
 n - the +0 cloak of Shadows and Fog (worn) {rN+ MR+ Str+2}
   (You acquired it on level 2 of the Orcish Mines)

   It affects your strength (+2).
   It protects you from negative energy.
   It affects your resistance to hostile enchantments.
 w - the +2 ring mail of a treasure trove (worn) {Int+7 Dex-4 Stlth+}
   (You found it on level 5 of the Dungeon)

   It affects your intelligence (+7).
   It affects your dexterity (-4).
   It makes you more stealthy.
 y - a +2 buckler of resistance (worn)
 C - a +2 helmet
 I - the +1 hat of Royalty (worn) {rElec}
   (You bought it in a shop on level 2 of the Orcish Mines)

   It insulates you from electricity.
Jewellery
 b - the ring of Checkmate (right hand) {MR+ MP+9 Str+4}
   (You bought it in a shop on level 12 of the Dungeon)

   [ring of protection from magic]

   It affects your strength (+4).
   It affects your resistance to hostile enchantments.
   It affects your magic capacity (+9).
 o - an uncursed ring of protection from magic
 q - an uncursed ring of flight
 L - an uncursed ring of see invisible
 X - a +2 ring of intelligence (left hand)
Wands
 d - a wand of iceblast (5)
 B - a wand of random effects (17)
 P - a wand of polymorph (30)
 Z - a wand of digging (16)
Scrolls
 e - 14 scrolls of remove curse
 f - a scroll of enchant armour
 j - 16 scrolls of teleportation
 m - 2 scrolls of immolation
 x - 2 scrolls of silence
 D - a scroll of fog
 J - 3 scrolls of fear
 U - a scroll of holy word
Potions
 a - 2 potions of might
 k - a potion of ambrosia
 p - a potion of mutation
 s - 7 potions of haste
 t - a potion of magic
 u - 2 potions of resistance
 v - 5 potions of brilliance
 A - 8 potions of lignification
 E - 2 potions of agility
 G - 4 potions of cancellation
 N - a potion of curing
 Q - 2 potions of flight
 S - 6 potions of berserk rage
Miscellaneous
 R - a sack of spiders
Comestibles
 c - 24 rations


   Skills:
 + Level 10.0 Fighting
 - Level 5.0 Armour
 + Level 11.0 Dodging
 - Level 2.4 Stealth
 - Level 4.0 Shields
 + Level 14.2 Spellcasting
 + Level 17.4 Conjurations
 * Level 7.5 Summonings
 - Level 13.5 Fire Magic
 - Level 4.0 Air Magic


You had 6 spell levels left.
You knew the following spells:

 Your Spells              Type           Power        Failure   Level  Hunger
a - Orb of Destruction    Conj           ########..   1%          7    ####...
b - Iskenderun's Mystic   Conj           ########     0%          4    None
c - Conjure Flame         Conj/Fire      #######.     0%          3    None
d - Sticky Flame          Conj/Fire      #######.     1%          4    None
e - Fireball              Conj/Fire      #######...   1%          5    None
f - Blink                 Tloc           N/A          3%          2    None
g - Spellforged Servitor  Conj/Summ      #######...   3%          7    ####...
i - Lightning Bolt        Conj/Air       #######...   1%          5    None


Dungeon Overview and Level Annotations

Branches:
Dungeon (15/15)            Temple (1/1) D:7            Lair (6/6) D:9
 Shoals (2/4) Lair:2       Spider (0/4) Lair:4        Slime (0/5) Lair:6
    Orc (2/2) D:10            Elf (0/3) Orc:2        Vaults (0/5) D:13
 Depths (0/5) D:15

Altars:
Ashenzari
Cheibriados
Dithmenos
Elyvilon
Fedhas
Gozag
Hepliaklqana
Kikubaaqudgha
Makhleb
Nemelex Xobeh
Okawaru
Qazlal
Ru
Sif Muna
Trog
Uskayaw
Vehumet
Wu Jian
Xom
Yredelemnul
Zin
The Shining One

Shops:
D:12 =   Orc:2 ![:?%   Shoals:2 *

Portals:
Pandemonium: Orc:2

Annotations:
D:9 1 exclusion, Erolcha
D:10 exclusion: downstairs
D:13 exclusion: 2 downstairs


Message History

The merfolk impaler is severely wounded.
The merfolk impaler is engulfed in a cloud of scalding steam.
The sea snake is engulfed in a cloud of scalding steam.
The merfolk impaler is engulfed in a cloud of scalding steam.
The merfolk impaler hits you from afar with a trident of protection!
* * * LOW HITPOINT WARNING * * *
You feel better.
You hear the stately tolling of a bell nearby.
The sea snake is engulfed in a cloud of scalding steam. x2
The merfolk impaler is engulfed in a cloud of scalding steam.
The merfolk impaler hits you from afar with a trident of protection!
* * * LOW HITPOINT WARNING * * *
Blink to where?
Press: ? - help, Dir - move target cursor, p - merfolk impaler Splash!
As you read the scroll of blinking, it crumbles to dust.
The sea snake is engulfed in a cloud of scalding steam.
The merfolk impaler is engulfed in a cloud of scalding steam.
The merfolk impaler hits you from afar with a trident of protection!
You die...

*≈≈≈≈≈≈≈≈≈≈≈≈≈≈≈≈≈≈≈≈≈≈≈≈≈≈≈≈≈≈≈
*≈≈≈≈≈≈≈≈≈≈≈≈8≈≈≈≈≈≈≈≈≈≈≈≈≈≈≈≈≈≈
*≈≈≈≈≈≈≈≈≈≈≈≈≈≈≈≈≈≈≈≈≈≈≈≈≈≈≈≈≈≈≈
*≈≈≈≈≈≈≈≈≈≈≈≈§S≈≈≈≈≈≈≈≈≈≈≈≈≈≈≈≈≈
*≈≈≈≈≈≈≈≈≈≈≈≈≈≈≈≈≈≈≈≈≈≈≈≈≈≈≈≈≈≈≈
*≈≈≈≈≈≈≈≈≈≈≈≈≈§§§§≈≈≈≈≈≈≈≈≈≈≈≈≈≈
*≈≈≈≈≈≈≈≈≈≈≈≈≈Sm§§§≈≈≈≈≈≈≈≈≈≈≈≈≈
*≈≈≈≈≈≈≈≈≈≈≈≈.(§≈§≈≈≈≈≈≈≈≈≈≈≈≈≈≈
*≈≈≈≈≈≈≈≈≈≈≈≈..@<§†≈≈≈≈≈≈≈≈≈≈≈≈≈
*≈≈≈≈≈≈≈≈≈≈≈≈≈≈≈≈(≈≈≈≈≈≈≈≈≈≈≈≈≈≈
*≈≈≈≈≈≈≈≈≈≈≈≈≈≈≈≈≈††≈≈≈≈≈≈≈≈≈≈≈≈
*≈≈≈≈≈≈≈≈≈≈≈≈≈≈≈....≈≈≈≈≈≈≈≈≈≈≈≈
*≈≈≈≈≈≈≈≈≈≈≈≈≈≈≈...†.≈≈≈≈≈,≈≈≈≈≈
*≈≈≈≈≈≈≈≈≈≈≈≈≈≈≈≈≈...)..≈≈,,,≈≈≈
*≈≈≈≈≈≈≈≈≈≈≈≈..≈≈....)).≈≈,∩,,≈≈
*≈≈≈≈≈≈≈≈≈≈≈≈≈........†.,,,,,,≈≈
*≈≈≈≈≈≈≈≈≈≈≈≈≈≈.........,,,,,,,,


You could see a merfolk impaler and a sea snake.

Vanquished Creatures
  Polyphemus (Shoals:2)
  Gastronok (Lair:1)
  Kirke (Shoals:1)
  Louise (D:14)
  An orc warlord (Orc:1)
  A dire elephant (Lair:6)
  An ettin (D:15)
  2 ogre magi (D:15)
  A merfolk impaler (Shoals:1)
  Josephine (D:14)
  Harold (D:11)
  6 hydras
  2 catoblepae
  4 vault guards
  9 two-headed ogres
  A merfolk aquamancer (Shoals:2)
  2 centaur warriors
  An alligator snapping turtle (Shoals:2)
  7 death yaks
  A deep troll shaman (Lair:6)
  3 orc high priests (Orc:2)
  4 tengu warriors
  Urug (D:11)
  3 unseen horrors
  A gelid demonspawn (Orc:2)
  An infernal demonspawn (Orc:2)
  3 sea snakes
  7 deep elf magi
  5 orc sorcerers
  5 orc knights
  2 oklob plants (Lair:6)
  3 cyclopes
  2 fauns
  A moth of wrath (shapeshifter) (D:13)
  A merfolk siren (Shoals:2)
  2 centaur zombies
  6 centaur skeletons
  14 elephants
  A rust devil (Orc:2)
  A torpor snail (Lair:6)
  5 black mambas
  A water nymph (Shoals:2)
  3 gargoyles (D:14)
  10 spiny frogs
  A kobold demonologist (D:12)
  A yaktaur (D:13)
  10 komodo dragons
  A rime drake (Lair:5)
  2 efreet (D:13)
  2 merfolk
  3 tengu conjurers
  12 trolls
  An ice devil (Orc:2)
  A wind drake (Shoals:1)
  23 blink frogs
  10 hippogriffs
  Prince Ribbit (D:8)
  11 slime creatures
  A snapping turtle (Shoals:1)
  8 dream sheep
  2 blink frogs (shapeshifter) (D:15)
  3 shadows (D:13)
  A centaur simulacrum (D:14)
  3 water elementals
  A vampire (D:13)
  3 wraiths
  34 yaks
  5 hogs
  5 wyverns
  A human (D:7)
  6 basilisks
  A chaos spawn (Orc:2)
  9 vampire mosquitoes
  A steam dragon (D:12)
  2 hungry ghosts
  A neqoxec (Orc:2)
  Edmund (D:5)
  21 wargs
  A soldier ant (D:12)
  9 water moccasins
  32 orc warriors
  14 porcupines
  5 ice beasts
  10 sky beasts
  2 eyes of draining
  4 black bears
  10 ogres
  10 wolves
  21 centaurs
  4 phantoms
  13 crocodiles
  A big kobold (D:12)
  19 bullfrogs
  4 scorpions
  4 killer bees (D:12)
  3 howler monkeys (D:12)
  4 wights (D:12)
  4 crimson imps
  2 bullfrog zombies
  2 hounds
  3 jellies
  30 orc priests
  2 bullfrog skeletons
  3 iguanas
  26 orc wizards
  13 worker ants
  A killer bee zombie (D:10)
  2 hound skeletons
  4 gnolls
  13 adders
  5 shadow imps
  2 oozes
  An adder skeleton (D:4)
  2 adder zombies (D:5)
  3 worms
  A dart slug (D:1)
  5 leopard geckos
  125 orcs
  8 bats
  4 giant cockroaches
  7 goblins
  3 hobgoblins (D:2)
  17 jackals
  6 quokkas
  4 ball pythons
  3 frilled lizards
  A jackal skeleton (D:8)
  A jackal zombie (D:5)
  10 kobolds
  A leopard gecko skeleton (D:5)
  7 rats (D:1)
  7 bushes (Lair:6)
  A fungus (Lair:6)
  4 plants (Lair:6)
821 creatures vanquished.

Vanquished Creatures (collateral kills)
  An ettin (Orc:2)
  3 orc high priests (Orc:2)
  Nergalle (Orc:1)
  A sea snake (Shoals:2)
  2 torturous demonspawn (Orc:2)
  3 orc knights (Orc:2)
  An orc sorcerer (Orc:2)
  A manticore (Shoals:2)
  A merfolk siren (Shoals:2)
  An orange demon (Orc:2)
  3 merfolk
  2 snapping turtles (Shoals:1)
  A water elemental (Shoals:2)
  2 hogs (Shoals:1)
  5 orc warriors (Orc:2)
  5 orc priests (Orc:2)
  3 orcs
36 creatures vanquished.

Vanquished Creatures (others)
  A tengu warrior (D:13)
  An orc high priest (Orc:2)
  A centaur skeleton (D:13)
  A slime creature (D:13)
  A shadow imp (D:5)
  A quokka (D:15)
  10 fungi
  5 plants
21 creatures vanquished.

Grand Total: 878 creatures vanquished

Notes
Turn   | Place    | Note
-------+----------+-------------------------------------------
     0 | D:1      | mortelune the Deep Elf Fire Elementalist began the quest for the Orb.
     0 | D:1      | Reached XP level 1. HP: 10/10 MP: 6/6
   578 | D:1      | Reached XP level 2. HP: 15/15 MP: 6/8
   582 | D:1      | Learned a level 2 spell: Throw Flame
   603 | D:1      | Reached skill level 2 in Conjurations
  1072 | D:2      | Reached XP level 3. HP: 19/19 MP: 1/10
  1169 | D:1      | Learned a level 3 spell: Conjure Flame
  1696 | D:2      | Reached skill level 3 in Conjurations
  1800 | D:2      | Reached XP level 4. HP: 24/24 MP: 0/11
  2705 | D:3      | Learned a level 4 spell: Sticky Flame
  2979 | D:3      | Reached XP level 5. HP: 28/28 MP: 6/13
  3493 | D:4      | Reached skill level 4 in Conjurations
  3957 | D:4      | Reached skill level 5 in Spellcasting
  3957 | D:4      | Reached XP level 6. HP: 32/32 MP: 9/15
  4187 | D:4      | Reached skill level 5 in Conjurations
  4574 | D:4      | Reached skill level 5 in Fire Magic
  4893 | D:4      | Reached XP level 7. HP: 30/36 MP: 12/17
  4901 | D:4      | Learned a level 5 spell: Fireball
  5683 | D:5      | Entered Level 5 of the Dungeon
  5765 | D:5      | Reached skill level 6 in Conjurations
  5952 | D:5      | Got a bloodstained ring mail
  6165 | D:5      | Noticed Edmund
  6683 | D:6      | Reached skill level 7 in Conjurations
  6720 | D:6      | Reached XP level 8. HP: 41/41 MP: 6/20
  7130 | D:6      | Noticed a hippogriff
  7432 | D:6      | Reached skill level 8 in Conjurations
  7608 | D:6      | Killed a hippogriff
  7902 | D:7      | Found a staircase to the Ecumenical Temple.
  8268 | Temple   | Entered the Ecumenical Temple
  8292 | Temple   | Became a worshipper of Vehumet
  8502 | D:7      | Reached skill level 9 in Conjurations
  8602 | D:7      | Reached XP level 9. HP: 9/45 MP: 1/23
  9209 | D:7      | Reached skill level 1 in Fighting
  9213 | D:7      | Reached skill level 10 in Conjurations
  9691 | D:8      | Found a sacrificial altar of Ru.
  9745 | D:8      | Noticed Prince Ribbit
  9756 | D:8      | Killed Prince Ribbit
 10227 | D:5      | Reached * piety under Vehumet
 10227 | D:5      | Offered knowledge of Magic Dart by Vehumet.
 10235 | D:5      | Learned a level 1 spell: Magic Dart
 10281 | D:5      | Killed Edmund
 10684 | D:9      | Reached XP level 10. HP: 50/54 MP: 11/25
 10987 | D:9      | Found a staircase to the Lair.
 11001 | D:9      | Reached skill level 11 in Conjurations
 11174 | D:9      | Reached skill level 10 in Spellcasting
 11357 | D:9      | Reached ** piety under Vehumet
 11357 | D:9      | Offered knowledge of Throw Frost by Vehumet.
 11613 | D:9      | Noticed Erolcha
 11834 | D:10     | Entered Level 10 of the Dungeon
 12111 | D:10     | Identified the +2 ring mail of a treasure trove {Int+7 Dex-4 Stlth+} (You found it on level 5 of the Dungeon)
 12404 | D:10     | Reached skill level 12 in Conjurations
 12895 | D:10     | Found a staircase to the Orcish Mines.
 12916 | D:10     | Reached XP level 11. HP: 55/62 MP: 20/27
 13163 | D:9      | Noticed a two-headed ogre
 13171 | D:9      | Killed a two-headed ogre
 13265 | Lair:1   | Entered Level 1 of the Lair of Beasts
 13643 | Lair:1   | Noticed Gastronok
 13644 | Lair:1   | Noticed an eight-headed hydra
 14033 | Lair:2   | Reached skill level 1 in Armour
 14575 | Lair:2   | Noticed an eight-headed hydra
 14580 | Lair:2   | Killed an eight-headed hydra
 14580 | Lair:2   | Reached skill level 10 in Fire Magic
 14594 | Lair:2   | Reached skill level 5 in Fighting
 14893 | Lair:2   | Reached skill level 13 in Conjurations
 15106 | Lair:2   | Found a staircase to the Shoals.
 15205 | Lair:2   | Noticed an eight-headed hydra
 15749 | Lair:2   | Killed an eight-headed hydra
 15954 | Lair:2   | Offered knowledge of Ignite Poison by Vehumet.
 16097 | Lair:2   | Reached *** piety under Vehumet
 16097 | Lair:2   | Reached XP level 12. HP: 46/69 MP: 14/29
 17274 | Lair:3   | Learned a level 5 spell: Lightning Bolt
 17339 | Lair:3   | Reached skill level 14 in Conjurations
 17740 | Lair:3   | Got an ichor-stained chain mail
 17751 | Lair:3   | Identified the +5 chain mail "Uhoxa" {rF+ rC+} (You found it on level 3 of the Lair of Beasts)
 18169 | Lair:4   | Reached skill level 1 in Air Magic
 18180 | Lair:4   | Noticed a seven-headed hydra
 19243 | Lair:4   | Offered knowledge of Fulminant Prism by Vehumet.
 19409 | Lair:4   | Killed a seven-headed hydra
 19606 | Lair:4   | Found a hole to the Spider Nest.
 20519 | Lair:5   | Got a scorched whip
 20520 | Lair:5   | Identified the cursed +0 whip "Beastslayer" {venom, MP+9 Int+4} (You found it on level 5 of the Lair of Beasts)
 20582 | Lair:5   | Reached XP level 13. HP: 76/76 MP: 28/30
 20590 | Lair:5   | Reached **** piety under Vehumet
 20740 | Lair:5   | Reached skill level 15 in Conjurations
 20855 | Lair:5   | Offered knowledge of Yara's Violent Unravelling by Vehumet.
 21546 | Lair:6   | Entered Level 6 of the Lair of Beasts
 21555 | Lair:6   | Reached skill level 5 in Armour
 23007 | Lair:6   | Found a staircase to the Slime Pits.
 23059 | Lair:6   | Reached skill level 5 in Dodging
 24101 | Lair:6   | Noticed a dire elephant
 24121 | Lair:6   | Killed a dire elephant
 24522 | Lair:6   | Found the +2 pair of boots of the Assassin {Detection Stab+ Stlth++}
 25588 | Lair:1   | Killed Gastronok
 25588 | Lair:1   | Reached skill level 16 in Conjurations
 26073 | D:11     | Noticed Harold
 26076 | D:11     | Killed Harold
 26076 | D:11     | Reached XP level 14. HP: 84/84 MP: 14/31
 26081 | D:11     | Noticed Urug
 26790 | D:11     | Reached ***** piety under Vehumet
 26899 | D:11     | Killed Urug
 27201 | D:11     | Offered knowledge of Iskenderun's Mystic Blast by Vehumet.
 28154 | D:11     | Found a burning altar of Makhleb.
 28935 | D:12     | Found Poak's Jewellery Shoppe.
 29727 | D:11     | Learned a level 4 spell: Iskenderun's Mystic Blast
 29917 | D:12     | Offered knowledge of Bolt of Cold by Vehumet.
 33941 | D:13     | Found a gate to the Vaults.
 34705 | D:14     | Noticed Josephine
 34708 | D:14     | Noticed Louise
 35000 | D:14     | Found a blossoming altar of Fedhas.
 35006 | D:14     | Reached skill level 1 in Shields
 35177 | D:14     | Offered knowledge of Spellforged Servitor by Vehumet.
 35424 | D:14     | Reached XP level 15. HP: 77/90 MP: 3/34
 35626 | D:14     | Killed Louise
 35809 | D:14     | Killed Josephine
 36179 | D:14     | Learned a level 7 spell: Spellforged Servitor
 36493 | D:15     | Entered Level 15 of the Dungeon
 36531 | D:15     | Found a white marble altar of Elyvilon.
 36676 | D:15     | Reached skill level 1 in Summonings
 37113 | D:15     | Offered knowledge of Ozocubu's Refrigeration by Vehumet.
 38175 | D:15     | Found a blossoming altar of Fedhas.
 38473 | D:15     | Found a staircase to the Depths.
 38649 | Orc:1    | Entered Level 1 of the Orcish Mines
 39211 | Orc:2    | Entered Level 2 of the Orcish Mines
 39220 | Orc:2    | Reached skill level 17 in Conjurations
 39837 | Orc:2    | Found a staircase to the Elven Halls.
 39848 | Orc:2    | Reached skill level 10 in Dodging
 40098 | Orc:2    | Found Ynwucuri's Distillery.
 40146 | Orc:2    | Bought a potion of curing for 51 gold pieces
 40146 | Orc:2    | Bought a potion of curing for 51 gold pieces
 40146 | Orc:2    | Bought a potion of cancellation for 136 gold pieces
 40702 | Orc:2    | Offered knowledge of Orb of Destruction by Vehumet.
 40856 | Orc:1    | Learned a level 7 spell: Orb of Destruction
 41201 | Orc:1    | Noticed an orc warlord
 41207 | Orc:1    | Noticed Nergalle
 41415 | Orc:1    | Killed an orc warlord
 41418 | Orc:1    | Killed Nergalle
 41762 | Orc:2    | Found Xanaagey's Food Shoppe.
 41776 | Orc:2    | Reached skill level 5 in Summonings
 41950 | Orc:2    | Found Zovuyhen's Magic Scroll Emporium.
 42059 | Orc:2    | Bought a scroll of identify for 28 gold pieces
 42060 | Orc:2    | Identified a scroll of acquirement
 42065 | Orc:2    | Got a pitted cloak
 42076 | Orc:2    | Identified the +0 cloak of Shadows and Fog {rN+ MR+ Str+2} (You acquired it on level 2 of the Orcish Mines)
 42700 | Orc:2    | Found Ilurerakk's Antique Armour Boutique.
 42700 | Orc:2    | Found Widulani's Book Shop.
 42709 | Orc:2    | Found a one-way gate leading to the halls of Pandemonium.
 42882 | Orc:2    | Bought an ancient hat for 252 gold pieces
 42892 | Orc:2    | Identified the +1 hat of Royalty {rElec} (You bought it in a shop on level 2 of the Orcish Mines)
 42894 | Orc:2    | Bought a book of Minor Magic for 260 gold pieces
 42897 | Orc:2    | Learned a level 2 spell: Blink
 42939 | Orc:2    | Bought a scroll of silence for 105 gold pieces
 42939 | Orc:2    | Bought a scroll of teleportation for 42 gold pieces
 43031 | D:12     | Bought the ring of Checkmate {MR+ MP+9 Str+4} for 889 gold pieces
 43244 | Shoals:1 | Entered Level 1 of the Shoals
 43443 | Shoals:1 | Noticed Kirke
 43447 | Shoals:1 | Killed Kirke
 43447 | Shoals:1 | Reached XP level 16. HP: 97/97 MP: 24/36
 44156 | Shoals:2 | Found Lass's Assorted Antiques.
 44173 | Shoals:2 | Reached skill level 10 in Fighting
 44359 | Shoals:2 | Noticed Polyphemus
 44371 | Shoals:2 | Killed Polyphemus
 44377 | Shoals:2 | HP: 3/97 [merfolk impaler/trident of protection (9)]
 44378 | Shoals:2 | Mangled by a merfolk impaler

Vault maps used:
D:1:      lightli_arrival_farm, palyth_stone_intersect, minmay_rat_gold_closets
D:2:      first_ration
D:4:      kennysheep_generic_room_9
D:5:      lemuel_another_geyser, uniq_edmund
D:7:      minmay_temple_entry_glass, grunt_livestock
D:8:      overflow_temple_1_default, uniq_prince_ribbit1
D:9:      minmay_lair_entry_grove, uniq_maurice, uniq_erolcha
D:10:     orc_0_dummy, minivault_11
D:11:     lemuel_castle_with_subvaults, serial_column_ruins,
          column_ruins_hut_ruined, column_ruins_grid_1,
          column_ruins_corridor_water, column_ruins_grid_1, column_ruins_grid_3,
          column_ruins_columns_straight, bloody_makhleb, uniq_harold, uniq_urug
D:12:     serial_shops, nicolae_shop_statue_plus, minmay_stone_trees_medium
D:13:     minmay_blocking_statues, lightli_vaults_fourway_checkpoint
D:14:     basic_altar, minmay_misc_feat_more_columns, uniq_louise,
          uniq_josephine
D:15:     hangedman_depths_entry_civil_slaughter, fedhas_altar_3, st_stairs_8,
          elyvilon_altar_4
Temple:   nicolae_temple_the_god_donut
Lair:1:   grunt_forest_small_clearings, uniq_gastronok
Lair:2:   elwin_shoals_entry_rocks
Lair:3:   st_stairs_13, minmay_stone_trees_small
Lair:4:   dummy_spider_entry, st_stairs_12, lemuel_fruit_tree
Lair:6:   grunt_lair_end_beastmaster, minmay_slime_entry_pillars,
          minmay_lair_oklob_bushes, lemuel_fruit_fields
Shoals:1: uniq_kirke
Shoals:2: serial_shops, bzr_entry_customers, nicolae_shop_crystal, shop, shop,
          nicolae_shop_stone, uniq_polyphemus
Orc:1:    uniq_nergalle
Orc:2:    pf_orc_diabolical, serial_shops, shop, minmay_orc_keep

Skill      XL: |  1  2  3  4  5  6  7  8  9 10 11 12 13 14 15 16 |
---------------+-------------------------------------------------+-----
Conjurations   | 2 3 4 5 7 9 10 12 13 14 16 17 | 17.4
Spellcasting   | 4 5 6 8 9 10 11 13 14 | 14.2
Fire Magic     | 4 5 6 7 8 9 10 11 12 13 | 13.5
Fighting       | 2 4 5 6 8 9 10 | 10.0
Armour         | 3 4 5 |  5.0
Air Magic      | 3 4 |  4.0
Dodging        | 3 6 9 10 11 | 11.0
Shields        | 1 4 |  4.0
Summonings     | 6 7 |  7.5
Stealth        | |  2.4

Action                   |  1- 3 |  4- 6 |  7- 9 | 10-12 | 13-15 | 16-18 || total
-------------------------+-------+-------+-------+-------+-------+-------++-------
Melee: Trident           |       |       |    19 |       |       |       ||    19
       Dire flail        |       |       |       |    10 |       |       ||    10
       Whip              |       |       |       |       |    23 |       ||    23
 Cast: Flame Tongue      |    46 |    58 |   154 |   271 |   187 |       ||   716
       Throw Flame       |    20 |    54 |    44 |    77 |    57 |       ||   252
       Sticky Flame      |       |     5 |    15 |    77 |    80 |     2 ||   179
       Conjure Flame     |       |     1 |     7 |    19 |    12 |       ||    39
       Fireball          |       |       |    21 |    55 |   313 |    47 ||   436
       Magic Dart        |       |       |    11 |     5 |       |       ||    16
       Lightning Bolt    |       |       |       |     3 |    31 |       ||    34
       Iskenderun's Myst |       |       |       |       |   271 |     2 ||   273
       Spellforged Servi |       |       |       |       |    15 |     6 ||    21
       Orb of Destructio |       |       |       |       |     9 |       ||     9
Evoke: Wand              |       |       |       |       |     2 |       ||     2
  Use: Scroll            |       |     9 |     7 |    11 |    16 |     3 ||    46
       Potion            |       |       |       |     2 |     2 |     3 ||     7
  Eat: Chunk             |     3 |    11 |    14 |    18 |    20 |     2 ||    68
       Ration            |       |       |     2 |     5 |    17 |       ||    24
Armor: Robe              |     6 |     2 |    21 |     1 |       |       ||    30
       Ring mail         |       |       |       |    92 |   110 |     4 ||   206
Dodge: Dodged            |    13 |     7 |    49 |    66 |   145 |     6 ||   286
Block: Shield            |       |       |       |       |    19 |       ||    19
       Buckler           |       |       |       |       |     7 |     1 ||     8

Table legend:
 A = Spawn XP
 B = Non-spawn XP
 C = Spawn XP percentage of total XP
 D = Spawn monster count
 E = Non-spawn monster count
 F = Spawn count percentage of total count
 G = Total turns spent on level
                    A         B        C        D         E        F      G
               +---------+---------+-------+---------+---------+-------+---------
         Total |       0 |  169964 |   0.0 |       0 |     846 |   0.0 | 44378
               +---------+---------+-------+---------+---------+-------+---------
           D:1 |       0 |      37 |   0.0 |       0 |      19 |   0.0 |  1283
           D:2 |       0 |      87 |   0.0 |       0 |      27 |   0.0 |  1199
           D:3 |       0 |     167 |   0.0 |       0 |      21 |   0.0 |  1356
           D:4 |       0 |     515 |   0.0 |       0 |      27 |   0.0 |  1891
           D:5 |       0 |     679 |   0.0 |       0 |      18 |   0.0 |  1098
           D:6 |       0 |    1105 |   0.0 |       0 |      22 |   0.0 |  1563
           D:7 |       0 |    1957 |   0.0 |       0 |      30 |   0.0 |  1304
           D:8 |       0 |     573 |   0.0 |       0 |       6 |   0.0 |   838
           D:9 |       0 |    3910 |   0.0 |       0 |      36 |   0.0 |  1415
          D:10 |       0 |    3700 |   0.0 |       0 |      33 |   0.0 |  2081
          D:11 |       0 |    8005 |   0.0 |       0 |      64 |   0.0 |  3326
          D:12 |       0 |   10526 |   0.0 |       0 |      59 |   0.0 |  3233
          D:13 |       0 |   14036 |   0.0 |       0 |      54 |   0.0 |  2302
          D:14 |       0 |   14406 |   0.0 |       0 |      45 |   0.0 |  1287
          D:15 |       0 |   16345 |   0.0 |       0 |      30 |   0.0 |  1978
        Lair:1 |       0 |    4365 |   0.0 |       0 |       9 |   0.0 |  1631
        Lair:2 |       0 |    9295 |   0.0 |       0 |      37 |   0.0 |  2460
        Lair:3 |       0 |    5467 |   0.0 |       0 |      16 |   0.0 |  2207
        Lair:4 |       0 |    7907 |   0.0 |       0 |      27 |   0.0 |  1107
        Lair:5 |       0 |    5826 |   0.0 |       0 |      23 |   0.0 |  1895
        Lair:6 |       0 |   18522 |   0.0 |       0 |      55 |   0.0 |  3537
      Shoals:1 |       0 |    6670 |   0.0 |       0 |      15 |   0.0 |   987
      Shoals:2 |       0 |   12141 |   0.0 |       0 |      24 |   0.0 |   147
         Orc:1 |       0 |    5589 |   0.0 |       0 |      31 |   0.0 |  1298
         Orc:2 |       0 |   18134 |   0.0 |       0 |     118 |   0.0 |  2893
               +---------+---------+-------+---------+---------+-------+---------
